 Dungeon Crawl Stone Soup version 0.28-a0-1347-g113dc556a4 (webtiles) character file.

Game seed: 6422536866844363340

181 sanka the Vexing (level 5, -5/35 HPs)
             Began as a Demonspawn Enchanter on Dec 29, 2021.
             Succumbed to Dowan's poison
             ... on level 3 of the Dungeon.
             The game lasted 00:04:20 (3583 turns).

sanka the Vexing (Demonspawn Enchanter)             Turns: 3583, Time: 00:04:20

Health: -5/35      AC:  3    Str:  8    XL:     5   Next: 34%
Magic:  1/8        EV: 12    Int: 19    God:
Gold:   185        SH:  0    Dex: 13    Spells: 3/8 levels left

rFire   . . .      SeeInvis .   a - +1 dagger
rCold   . . .      Faith    .   q - orb {mayhem}
rNeg    . . .      Spirit   +   b - +0 robe
rPois   .          Reflect  .   (no helmet)
rElec   .          Harm     .   (no cloak)
rCorr   .          Rampage  .   m - +0 pair of gloves
Will    .....                   (no boots)
Stlth   ++........              e - amulet of guardian spirit
HPRegen 0.11/turn               (no ring)
MPRegen 0.11/turn               (no ring)

@: lethally poisoned (-5 -> -30)
A: weakness stinger 2
a: no special abilities


You were on level 3 of the Dungeon.
You visited 1 branch of the dungeon, and saw 4 of its levels.

You collected 185 gold pieces.


Innate Abilities, Weirdness & Mutations

You have a tail ending in a sharp stinger.


   Skills:
 + Level 3.6 Short Blades
 - Level 1.7 Dodging
 + Level 3.3 Stealth
 - Level 2.0 Spellcasting
 + Level 4.0 Hexes


You had 3 spell levels left.
You knew the following spells:

 Your Spells              Type           Power      Damage    Failure   Level
z - Ensorcelled Hibernat  Hex/Ice        18%        N/A       11%         2
Z - Confusing Touch       Hex            17%        N/A       10%         3

Your spell library contained the following spells:

 Spells                   Type           Power      Damage    Failure   Level
 Tukima's Dance           Hex            17%        N/A       10%         3
 Dazzling Flash           Conj/Hex       18%        N/A       22%         3
 Yara's Violent Unravell  Hex/Tmut       4%         3d4       90%         5
 Enfeeble                 Hex            8%         N/A       100%        7

Inventory:

Hand Weapons
 a - a +1 dagger (weapon)
Armour
 b - a +0 robe (worn)
 k - a +0 buckler
 m - a +0 pair of gloves (worn)
 q - an orb of mayhem (worn)
Magical Staves
 j - a staff of air
Jewellery
 e - an amulet of guardian spirit (around neck)
Scrolls
 c - 3 scrolls of vulnerability {unknown}
 d - a scroll of immolation {unknown}
 f - a scroll of magic mapping {unknown}
 h - a scroll of silence {unknown}
 p - 2 scrolls of identify {unknown}
Potions
 g - 3 potions of lignification {unknown}
 i - a potion of magic {unknown}
 l - a potion of attraction {unknown}
 n - a potion of curing {unknown}
 o - a potion of mutation {unknown}

Dungeon Overview and Level Annotations

Branches:
Dungeon (4/15)
 Temple: D:4-7

Altars:

Annotations:
D:3 Dowan

.♣♣
♣♣♣.♣
♣.♣ ♣.♣
♣.♣♣♣♣♣
♣.♣♣
♣♣.♣♣.♣
♣♣.♣
♣♣.†.♣♣♣
♣.♣
♣♣♣...♣♣
♣.♣♣
♣♣...[♣
♣♣.♣♣
♣...(.♣
♣e.♣
♣♣....♣
♣♣6♣
♣.♣..♣♣
♣♣♣ ▒
♣♣♣♣♣♣ ▒
▒


You could see the neutral Dowan (fast, strong, insane).


Message History

Duvessa hits you with a +0 short sword!
* * * LOW HITPOINT WARNING * * *
You hit Duvessa but do no damage.
Duvessa appears confused.
Duvessa is moderately wounded.
Dowan casts a spell at you. The puff of frost misses you.
You strike the helpless Duvessa from behind!
You puncture Duvessa!
Duvessa is severely wounded.
You strike the helpless Duvessa from behind!
You puncture Duvessa!
You kill Duvessa!
Dowan flies into a frenzy!
Dowan screams, "No!
Oh no!"
Dowan hits you with a +1 dagger of venom.
* * * LOW HITPOINT WARNING * * *
You are poisoned.
Dowan closely misses you.
Your Stealth skill increases to level 3!
Your Hexes skill increases to level 4!
You have reached level 5!
Unknown command.
Unknown command.
You feel sick.
Dowan hits you with a +1 dagger of venom!
* * * LOW HITPOINT WARNING * * *
You are more poisoned.
You climb upwards.
You die...

Action                   |  1- 3 |  4- 6 || total
-------------------------+-------+-------++-------
Melee: Dagger            |   159 |    47 ||   206
       Tailslap          |    15 |     6 ||    21
 Cast: Ensorcelled Hiber |     5 |     3 ||     8
       Confusing Touch   |       |     1 ||     1
  Use: Potion            |     1 |       ||     1
 Stab: Sleeping          |    13 |     3 ||    16
       Invisible         |     1 |       ||     1
       Distracted        |     1 |       ||     1
       Confused          |       |     2 ||     2
Armor: Robe              |    32 |    10 ||    42
Dodge: Dodged            |    91 |    25 ||   116

Levels and vault maps discovered:
D:1:      kennysheep_arrival_seaside, layout_basic,
          hellmonk_ecumenical_altar_pennies_from_heaven, serial_bayou_ford_a,
          st_stairs_11, chequers_serial_rivers_marsh
D:2:      layout_rooms, serial_curves, eino_curves_02, eino_curves_02
D:3:      kb_forest_paths, layout_loops_ring, ebering_dispersal_statue_hall,
          serial_bayou_lagoon_a, dk_vineyard_2, corexii_leaking_fountain
D:4:      layout_loops_ring, uniq_edmund, uniq_duvessa

Notes
Turn   | Place    | Note
-------+----------+-------------------------------------------
     0 | D:1      | sanka the Demonspawn Enchanter began the quest for the Orb.
     0 | D:1      | Reached XP level 1. HP: 13/13 MP: 3/3
    32 | D:1      | Reached skill level 1 in Short Blades
   305 | D:1      | Found a faded altar of an unknown god.
   346 | D:1      | Reached skill level 2 in Short Blades
   346 | D:1      | You feel monstrous as your demonic heritage exerts itself.
   346 | D:1      | Discovered your monstrous ancestry.
   346 | D:1      | Gained mutation: You have a small tail. [demonic ancestry]
   346 | D:1      | Reached XP level 2. HP: 18/19 MP: 5/5
   667 | D:1      | Reached XP level 3. HP: 22/24 MP: 6/6
   692 | D:1      | Learned a level 2 spell: Ensorcelled Hibernation
   727 | D:1      | Learned a level 3 spell: Confusing Touch
  1506 | D:1      | Reached skill level 3 in Short Blades
  2717 | D:3      | Gained mutation: You have a tail ending in a sharp stinger.
                  | [demonic ancestry]
  2717 | D:3      | Reached XP level 4. HP: 26/30 MP: 1/7
  3496 | D:4      | Noticed Duvessa
  3496 | D:4      | Noticed Dowan
  3581 | D:4      | Killed Duvessa
  3582 | D:4      | Reached skill level 3 in Stealth
  3582 | D:4      | Reached skill level 4 in Hexes
  3582 | D:4      | Reached XP level 5. HP: 12/35 MP: 1/8
  3582 | D:4      | HP: 3/35 [Dowan (7)]
  3583 | D:3      | Succumbed to Dowan's poison

Vanquished Creatures
  Duvessa (D:4)
  2 adders
  2 worms
  4 dart slugs
  4 endoplasms
  3 giant cockroaches (D:1)
  6 goblins
  5 hobgoblins
  2 quokkas
  6 ball pythons
  5 bats
  6 frilled lizards
  9 kobolds
  6 rats
61 creatures vanquished.

Vanquished Creatures (others)
  7 plants (D:1)
7 creatures vanquished.

Grand Total: 68 creatures vanquished
